 Dungeon Crawl Stone Soup version 0.23.2-40-g277498a001 (webtiles) character file.

Game seed: 16704168071597751866

99 Morag the Bolt Thrower (level 4, -1/38 HPs)
             Began as a Minotaur Hunter on Aug 13, 2019.
             Was an Initiate of Okawaru.
             Slain by a gnoll
             ... wielding a +0 halberd
              (12 damage)
             ... on level 3 of the Dungeon.
             The game lasted 00:18:53 (2220 turns).

Morag the Bolt Thrower (Minotaur Hunter)            Turns: 2220, Time: 00:18:53

Health: -1/38      AC:  5    Str: 18    XL:     4   Next: 45%
Magic:  3/3        EV: 11    Int:  8    God:    Okawaru [......]
Gold:   144        SH:  0    Dex: 10    Spells: 3/3 levels left

rFire    . . .     SeeInvis .   a - +1 hand crossbow
rCold    . . .     Gourm    .   (no shield)
rNeg     . . .     Faith    .   n - +0 ring mail
rPois    .         Spirit   .   (helmet restricted)
rElec    .         Reflect  .   (no cloak)
rCorr    .         Harm     .   (no gloves)
MR       .....                  (no boots)
Stlth    +.........             (no amulet)
HPRegen  0.12/turn              (no ring)
MPRegen  0.08/turn              (no ring)

@: no status effects
A: retaliatory headbutt, horns 2
a: Renounce Religion


You were on level 3 of the Dungeon.
You worshipped Okawaru.
Okawaru was noncommittal.
You were not hungry.

You visited 1 branch of the dungeon, and saw 3 of its levels.

You collected 144 gold pieces.

Inventory:

Hand Weapons
 a - a +1 hand crossbow (weapon)
 b - a +0 hand axe
 e - a +0 short sword
 p - a +0 spear
Missiles
 d - 41 bolts (quivered)
 i - 21 stones
 w - 8 poisoned needles
Armour
 c - a +0 plate armour
 n - a +0 ring mail (worn)
 u - a +1 pair of gloves
Jewellery
 g - a +5 amulet of reflection {unknown}
Scrolls
 h - 4 scrolls of remove curse {unknown}
 j - a scroll of fog {unknown}
 m - 2 scrolls of noise {unknown}
 o - 2 scrolls of teleportation {unknown}
 q - 2 scrolls of identify {unknown}
 r - 3 scrolls of magic mapping {unknown}
 s - a scroll of blinking {unknown}
 t - 2 scrolls of immolation {unknown}
 x - a scroll of fear {unknown}
Potions
 k - a potion of brilliance {unknown}
 l - 2 potions of flight {unknown}
 v - a potion of agility {unknown}
Comestibles
 f - 4 rations


   Skills:
 + Level 3.0 Fighting
 - Level 0.2 Short Blades
 * Level 1.9 Axes
 + Level 5.5 Crossbows
 + Level 1.1 Armour
 + Level 2.5 Dodging
 + Level 0.7 Stealth


You had 3 spell levels left.
You didn't know any spells.
Your spell library was empty.

Dungeon Overview and Level Annotations

Branches:
Dungeon (3/15)

Altars:
Okawaru


Innate Abilities, Weirdness & Mutations

You reflexively headbutt those who attack you in melee.
You have a pair of horns on your head.


Message History

The gnoll closely misses you. The gnoll barely misses you.
a - a +1 hand crossbow (weapon)
Firing (i - inventory. (/) - cycle)
d - 43 bolts (quivered)
Press: ? - help, Shift-Dir - straight line, f - gnoll
Aim: a gnoll, wielding a +0 halberd You shoot a bolt.
The bolt completely misses the gnoll.
The gnoll hits you from afar with a +0 halberd!
Firing (i - inventory. (/) - cycle)
d - 42 bolts (quivered)
Press: ? - help, Shift-Dir - straight line, f/p - gnoll
Aim: a gnoll, wielding a +0 halberd You shoot a bolt.
The bolt barely misses the gnoll.
The gnoll hits you from afar with a +0 halberd!
* * * LOW HITPOINT WARNING * * *
Firing (i - inventory. (/) - cycle)
d - 41 bolts (quivered)
Press: ? - help, Shift-Dir - straight line, f/p - gnoll
Aim: a gnoll, wielding a +0 halberd
Okay, then.
The gnoll hits you from afar with a +0 halberd!
You die...

####..<#.####.####.###
#..................#
##...######.####.#.#
##.## #.####.#.# #.
#.##.....# #.
#.##.#.#.# #+
#.##.###.# #.##.###.#
#.@......# ###..#####
####.g.## +.......#
####.g.## ##..# #g##
#.# #+# #.#


You could see 3 gnolls.

Vanquished Creatures
  A worker ant (D:2)
  A gnoll (D:1)
  An ooze (D:2)
  3 dart slugs (D:1)
  2 leopard geckos
  2 bats
  5 giant cockroaches (D:1)
  4 goblins
  5 hobgoblins
  2 jackals (D:1)
  4 frilled lizards (D:1)
  8 kobolds
  18 rats
56 creatures vanquished.

Notes
Turn   | Place    | Note
-------+----------+-------------------------------------------
     0 | D:1      | Morag the Minotaur Hunter began the quest for the Orb.
     0 | D:1      | Reached XP level 1. HP: 18/18 MP: 0/0
    63 | D:1      | Reached XP level 2. HP: 17/25 MP: 1/1
   216 | D:1      | Reached skill level 5 in Crossbows
   507 | D:1      | Reached XP level 3. HP: 30/30 MP: 2/2
   921 | D:2      | Found an iron altar of Okawaru.
   928 | D:2      | Became a worshipper of Warmaster Okawaru
   993 | D:2      | Reached skill level 1 in Axes
   993 | D:2      | Reached skill level 1 in Armour
   993 | D:2      | Reached XP level 4. HP: 7/38 MP: 3/3
  2220 | D:3      | Slain by a gnoll

Skill      XL: |  1  2  3 |
---------------+----------+-----
Crossbows      | 5 |  5.5
Fighting       | 3 |  3.0
Axes           | 1 |  1.9
Armour         | 1 |  1.1
Short Blades   | |  0.2
Dodging        | |  2.5
Stealth        | |  0.7

Action                   |  1- 3 |  4- 6 || total
-------------------------+-------+-------++-------
Melee: Short sword       |    14 |       ||    14
       Headbutt          |     7 |     3 ||    10
       Hand axe          |    38 |    25 ||    63
 Fire: Hand crossbow     |    33 |     8 ||    41
Throw: Stone             |     3 |       ||     3
  Eat: Chunk             |       |     4 ||     4
Armor: Leather armour    |     3 |       ||     3
       Ring mail         |    18 |     5 ||    23
Dodge: Dodged            |    36 |     9 ||    45
